 Dungeon Crawl Stone Soup version 0.32-a0-909-gc671339a80 (webtiles) character file.

Game seed: 18163125814915723374

182 GiantSquids the Chopper (level 5, -2/45 HPs)
             Began as a Mountain Dwarf Fighter on Apr 6, 2024.
             Killed by nerve-wracking pain
             ... invoked by Grinder
              (9 damage)
             ... on level 3 of the Dungeon.
             The game lasted 00:03:32 (2283 turns).

GiantSquids the Chopper (Mountain Dwarf Fighter)    Turns: 2283, Time: 00:03:32

Health: -2/45      AC:  6    Str: 21    XL:     5   Next: 34%
Magic:  5/5        EV:  8    Int:  8    God:
Gold:   95         SH:  4    Dex:  9    Spells: 4/4 levels left

rFire   . . .        r - +0 whip (venom)
rCold   . . .        c - +0 buckler
rNeg    . . .        b - +0 scale mail
rPois   .            (no helmet)
rElec   .            (no cloak)
rCorr   .            (no gloves)
SInv    .            (no boots)
Will    .....        (no amulet) Stlth
                     (no ring)
HPRegen 0.27/turn    (no ring)
MPRegen 0.09/turn

%: no passive effects
@: no status effects
A: runic magic, artefact enchanting
a: no special abilities


You were on level 3 of the Dungeon.
You visited 1 branch of the dungeon, and saw 3 of its levels.

You collected 95 gold pieces.

Inventory:

Hand Weapons
 a - a +0 war axe
 r - a +0 whip of venom (weapon)
Missiles
 f - 5 boomerangs (quivered)
 s - 18 stones
Armour
 b - a +0 scale mail (worn)
 c - a +0 buckler (worn)
Scrolls
 e - a scroll of enchant weapon {unknown}
 h - 2 scrolls of fear {unknown}
 i - 3 scrolls of identify {unknown}
 j - a scroll of blinking {unknown}
 k - 2 scrolls of amnesia {unknown}
 l - a scroll of poison {unknown}
 m - a scroll of teleportation {unknown}
 o - a scroll of fog {unknown}
 t - a scroll of immolation {unknown}
 u - a scroll of brand weapon {unknown}
Potions
 d - 2 potions of might
 g - a potion of curing {unknown}
 n - a potion of attraction {unknown}
 p - 2 potions of lignification {unknown}
 q - 2 potions of heal wounds {unknown}
 v - a potion of cancellation {unknown}
 w - a potion of mutation {unknown}


   Skills:
 - Level 3.2 Fighting
 + Level 6.8 Axes
 - Level 3.2 Armour
 - Level 3.2 Shields


You had 4 spell levels left.
You didn't know any spells.
Your spell library contained the following spells:

 Spells                   Type           Power      Damage    Failure   Level
 Apportation              Tloc           0%         N/A       56%         1
 Jinxbite                 Hex            0%         N/A       71%         2
 Alistair's Intoxication  Alch           0%         N/A       100%        5


Dungeon Overview and Level Annotations

Branches:
Dungeon (3/15)

Altars:
Qazlal

Annotations:
D:3 Grinder


Innate Abilities, Weirdness & Mutations

Your spellcasting is much less encumbered by armour.
You can use scrolls of enchantment on lesser artefacts.


Message History

You can move again.
You hit Grinder but do no damage.
Grinder is lightly wounded.
Grinder hits you.
You barely miss Grinder.
Grinder is lightly wounded.
Grinder gestures at you.
You shrug off the repeated paralysis!
You barely miss Grinder.
Grinder is lightly wounded.
Grinder hits you but does no damage.
You hit Grinder.
Grinder looks even sicker.
Grinder is moderately wounded.
Grinder gestures at you.
You suddenly lose the ability to move!
Grinder hits you.
You writhe in agony.
Grinder hits you.
You writhe in agony.
You can move again.
You hit Grinder.
Grinder looks as sick as possible!
Grinder is moderately wounded.
Grinder completely misses you.
You hit Grinder.
Grinder is heavily wounded.
You barely miss Grinder.
Grinder is heavily wounded.
Grinder blinks!
You close the door.
You start resting.
Grinder opens the door.
Grinder hits you!
* * * LOW HITPOINT WARNING * * *
You writhe in agony.
* * * LOW HITPOINT WARNING * * *
There is an open door, spattered with blood here.
You hit Grinder but do no damage.
Grinder is almost dead.
Grinder gestures at you. Pain shoots through your body!
You die...
Grinder says, "Hey, I wasn't done torturing you yet!"

#............##...# .....
#............##...# .....
#............##...# .....
########.....###### .....
#########.....# #####
..............# ###<..........###
##### ##########......#### #....
.........'..<..5@..# #....
.#########......##.# #....
................+ .# #....
#####..#####....###############..
######.....#....#.............#..
.........).+....'..............).
....###....######................
....# #.....###.+............#.##
....###.......#.#......#####.#.#


You could see Grinder (very poisoned).

Vanquished Creatures
  A scorpion (D:3)
  3 gnolls (D:2)
  An adder (D:2)
  4 dart slugs (D:1)
  A ribbon worm (D:2)
  3 orcs
  8 endoplasms
  4 giant cockroaches
  3 goblins
  6 hobgoblins
  3 jackals (D:2)
  4 quokkas
  6 ball pythons
  3 bats
  5 frilled lizards
  7 kobolds
  9 rats
71 creatures vanquished.

Notes
Turn   | Place    | Note
-------+----------+-------------------------------------------
     0 | D:1      | GiantSquids the Mountain Dwarf Fighter began the quest for
                  | the Orb.
     0 | D:1      | Reached XP level 1. HP: 19/19 MP: 1/1
    36 | D:1      | Reached skill level 3 in Axes
   115 | D:1      | Reached XP level 2. HP: 22/26 MP: 2/2
   299 | D:1      | Reached skill level 4 in Axes
   392 | D:1      | Reached XP level 3. HP: 29/31 MP: 3/3
   530 | D:1      | You fall into a shaft and drop 1 floor!
  1055 | D:2      | Found a stormy altar of Qazlal.
  1058 | D:2      | Reached skill level 5 in Axes
  1225 | D:2      | Reached XP level 4. HP: 34/38 MP: 4/4
  1856 | D:3      | Reached skill level 6 in Axes
  2083 | D:3      | Noticed a scorpion
  2093 | D:3      | Killed a scorpion
  2094 | D:3      | Reached XP level 5. HP: 37/45 MP: 5/5
  2260 | D:3      | Noticed Grinder
  2263 | D:3      | Paralysed by Grinder for 5 turns
  2271 | D:3      | Paralysed by Grinder for 2 turns
  2283 | D:3      | Killed from afar by Grinder

Illustrated notes

Levels and vault maps discovered:
D:1:      mrwooster_arrival_arrow, layout_basic, minmay_domino_2
D:2:      layout_basic, basic_altar, chequers_hall_statues_wall_a,
          hex_intersection, serial_bayou_pond_e
D:3:      layout_basic, uniq_grinder

Skill      XL: |  1  2  3  4 |
---------------+-------------+-----
Axes           | 3 4 5 6 |  6.8
Fighting       | |  3.2
Armour         | |  3.2
Shields        | |  3.2

Action                     |  1- 3 |  4- 6 || total
---------------------------+-------+-------++-------
  Melee: War axe           |   120 |    49 ||   169
         Whip              |       |    62 ||    62
 Armour: Scale mail        |   107 |    59 ||   166
  Dodge: Dodged            |    51 |    48 ||    99
  Block: Buckler           |    30 |    18 ||    48

Table legend: (Time is in decaauts)
 A = Elapsed time spent in this place.
 B = Non-inter-level travel time spent in this place.
 C = Inter-level travel time spent in this place.
 D = Time resting spent in this place.
 E = Time spent auto-exploring this place.
 F = Levels seen in this place.
 G = Mean time per level.
                   A        B        C        D        E       F      G
               +--------+--------+--------+--------+--------+-----+--------+
         Total |   2329 |   2229 |    100 |     65 |   1640 |   3 |  776.3 |
       Dungeon |   2329 |   2229 |    100 |     65 |   1640 |   3 |  776.3 |
               +--------+--------+--------+--------+--------+-----+--------+

Top non-repeatable levels by time:
     D:2: 950 daAuts
     D:1: 891 daAuts
     D:3: 487 daAuts
